 Dungeon Crawl Stone Soup version 0.17.1-3-g152610e (webtiles) character file.

28 jacquesderrida the Caller (level 3, 21/24 HPs)
             Began as a Demonspawn Summoner on Apr 25, 2016.
             Was an Initiate of Okawaru.
             Quit the game on level 3 of the Dungeon.
             The game lasted 00:04:45 (657 turns).

jacquesderrida the Caller (Demonspawn Summoner)      Turns: 657, Time: 00:04:45

Health: 21/24      AC:  2    Str:  9    XL:     3   Next: 0%
Magic:  1/6        EV: 12    Int: 16    God:    Okawaru [......]
Gold:   99         SH:  0    Dex: 13    Spells: 2 memorised, 3 levels left

rFire  . . .     SeeInvis .     i - +0 long sword
rCold  . . .     Clarity  .     a - +0 robe
rNeg   . . .     SustAt   .     (no shield)
rPois  .         Gourm    .     (no helmet)
rElec  .         Spirit   .     (no cloak)
rCorr  .         Warding  .     (no gloves)
rMut   .         Stasis   .     (no boots)
MR     .....                    (no amulet)
Stlth  ++........               (no ring)
                                e - ring of loudness (curse)

@: not resistant to hostile enchantments, unstealthy
A: hooves 1, nightstalker 1
a: Renounce Religion


You were on level 3 of the Dungeon.
You worshipped Okawaru.
Okawaru was noncommittal.
You were not hungry.

You visited 1 branch of the dungeon, and saw 3 of its levels.

You collected 99 gold pieces.

Inventory:

Hand Weapons
 i - a +0 long sword (weapon)
Missiles
 f - 30 poisoned needles
Armour
 a - a +0 robe (worn)
Jewellery
 e - a cursed ring of loudness (left hand)
Wands
 j - a wand of polymorph (17)
Scrolls
 h - a scroll of teleportation {unknown}
Potions
 d - a potion of cure mutation {unknown}
 k - a potion of poison {unknown}
Books
 b - a book of Callings

   Spells                             Type                      Level
   a - Summon Small Mammal            Summoning                    1
   b - Call Imp                       Summoning                    2
   c - Call Canine Familiar           Summoning                    3
   d - Summon Guardian Golem          Hexes/Summoning              3
   e - Summon Lightning Spire         Summoning/Air                4
   f - Summon Ice Beast               Ice/Summoning                4
Comestibles
 c - 2 bread rations
 g - a meat ration


   Skills:
 - Level 1.7 Dodging
 - Level 1.7 Stealth
 - Level 2.0 Spellcasting
 + Level 5.0 Summonings


You had 3 spell levels left.
You knew the following spells:

 Your Spells              Type           Power        Failure   Level  Hunger
a - Summon Small Mammal   Summ           ###.         2%          1    #......
b - Call Imp              Summ           ###.....     4%          2    ###....


Dungeon Overview and Level Annotations

Branches:
Dungeon (3/15)

Altars:
Dithmenos
Okawaru
Ru
Xom
Yredelemnul

Annotations:
D:3 Robin


Innate Abilities, Weirdness & Mutations

You have large cloven feet.
You are slightly more attuned to the shadows.


Message History

The goblin dies!
Okawaru accepts your kill.
Your Summonings skill increases to level 5!
Your crimson imp hits the goblin.
The goblin hits your crimson imp.
Your crimson imp barely misses the goblin.
Your white imp closely misses the goblin.
The goblin hits your white imp but does no damage.
The goblin hits your crimson imp.
Your crimson imp hits the goblin.
The goblin dies!
Okawaru accepts your kill.
You have reached level 3!
Your experience leads to an increase in your attributes!
Increase (S)trength, (I)ntelligence, or (D)exterity?
You feel stronger.
Your demonic ancestry asserts itself...
You slip into the darkness of the dungeon.
Your white imp closely misses the goblin.
Quiver which item? (- for none, * to show all) (? for menu, Esc to quit)
Okay, then.
Are you sure you want to abandon this character and quit the game? (Confirm with "yes".)

#..# #.# #..# #.#
#..####.#
#.......#
#...##### #...# .
#...#
..gg##########...#
..ggg5.†5@.......#
.ggg##########.#)#
. #.#.# ### #.#.##
#####.##
#..#.######
#....#.#
#.###.....#
#.###.##
#..#.####.# #.#
#.# #.#.# #.# #.#
#.# #<## #.#


You could see a hobgoblin, 3 goblins, a friendly crimson imp and a friendly
white imp.

Vanquished Creatures
  A giant gecko (D:1)
  2 hobgoblins (D:3)
3 creatures vanquished.

Vanquished Creatures (collateral kills)
  Ijyb (D:2)
  An adder (D:3)
  2 goblins (D:3)
  4 hobgoblins
  3 kobolds
  A ball python (D:1)
12 creatures vanquished.

Grand Total: 15 creatures vanquished

Notes
Turn   | Place    | Note
--------------------------------------------------------------
     0 | D:1      | jacquesderrida the Demonspawn Summoner began the quest for the Orb.
     0 | D:1      | Reached XP level 1. HP: 13/13 MP: 3/3
   275 | D:2      | Found an iron altar of Okawaru.
   275 | D:2      | Found a basalt altar of Yredelemnul.
   275 | D:2      | Noticed Ijyb
   293 | D:2      | Killed Ijyb
   293 | D:2      | Gained mutation: You have large cloven feet. [demonic ancestry]
   293 | D:2      | Reached XP level 2. HP: 19/19 MP: 1/5
   296 | D:2      | Found a shadowy altar of Dithmenos.
   307 | D:2      | Became a worshipper of Warmaster Okawaru
   394 | D:2      | Learned a level 2 spell: Call Imp
   514 | D:3      | Found a sacrificial altar of Ru.
   635 | D:3      | Found a shimmering altar of Xom.
   652 | D:3      | Noticed Robin
   654 | D:3      | Reached skill level 5 in Summonings
   656 | D:3      | Gained mutation: You are slightly more attuned to the shadows. [demonic ancestry]
   656 | D:3      | Reached XP level 3. HP: 21/24 MP: 1/6
   657 | D:3      | Quit the game

Action                   || total
-------------------------++-------
Melee: Unarmed           ||     1
       Long sword        ||     4
 Cast: Summon Small Mamm ||    18
       Call Imp          ||     8
